 Dungeon Crawl Stone Soup version 0.26-a0-708-g17f3b190f9 (webtiles) character file.

Game seed: 15124052730637495974

4956 robertstho the Magician (level 10, -14/74 HPs)
             Began as a Gnoll Earth Elementalist on Oct 27, 2020.
             Was a Believer of Sif Muna.
             Killed from afar by a gargoyle (30 damage)
             ... with a stone arrow
             ... on level 9 of the Dungeon.
             The game lasted 00:24:05 (11370 turns).

robertstho the Magician (Gnoll Earth Elementalist) Turns: 11370, Time: 00:24:05

Health: -14/74     AC:  3    Str: 10    XL:     10   Next: 53%
Magic:  21/30      EV: 17    Int: 22    God:    Sif Muna [**....]
Gold:   425        SH:  0    Dex: 15    Spells: 8/23 levels left

rFire    . . .     SeeInvis .   F - +1 dagger (venom)
rCold    . . .     Faith    .   (no shield)
rNeg     + . .     Spirit   .   c - +0 robe
rPois    .         Reflect  .   (no helmet)
rElec    .         Harm     .   (no cloak)
rCorr    .         Rampage  .   r - +0 pair of gloves (curse)
MR       .....                  (no boots)
Stlth    +++.......             n - amulet of magic regeneration
HPRegen  0.22/turn              d - ring of positive energy
MPRegen  0.47/turn              j - ring of magical power

@: very slightly contaminated
A: distributed training, fangs 1, strong nose
a: Channel Magic, Renounce Religion


You were on level 9 of the Dungeon.
You worshipped Sif Muna.
Sif Muna was pleased with you.
You visited 2 branches of the dungeon, and saw 10 of its levels.
You also visited: Sewer and Ossuary.

You collected 425 gold pieces.

Inventory:

Hand Weapons
 f - a +1 dagger
 w - a +0 scythe of protection
 y - a +2 vampiric long sword
 F - a +1 dagger of venom (weapon)
Missiles
 a - 53 poisoned darts
 b - 138 stones (quivered)
Armour
 c - a +0 robe (worn)
 r - a cursed +0 pair of gloves (worn)
 C - +0 steam dragon scales
Jewellery
 d - a ring of positive energy (left hand)
 j - a ring of magical power (right hand)
 n - an amulet of magic regeneration (around neck)
 u - an uncursed ring of ice {unknown}
 J - an uncursed ring of fire {unknown}
Wands
 t - a wand of paralysis (6)
 v - a wand of enslavement (6)
 K - a wand of iceblast (3)
 M - a wand of disintegration (4)
Scrolls
 e - a scroll of enchant armour {unknown}
 h - 5 scrolls of enchant weapon
 i - 2 scrolls of summoning {unknown}
 k - 4 scrolls of amnesia
 l - 3 scrolls of teleportation
 o - 8 scrolls of remove curse
 A - a scroll of magic mapping {unknown}
 D - a scroll of fear
 G - 5 scrolls of identify
 H - 2 scrolls of blinking {unknown}
Potions
 g - 4 potions of flight
 m - a potion of degeneration {unknown}
 p - 11 potions of curing
 q - 5 potions of mutation
 s - 5 potions of stabbing {unknown}
 x - 5 potions of might
 z - 3 potions of brilliance
 B - a potion of invisibility
 E - 2 potions of ambrosia {unknown}
 I - a potion of heal wounds
 L - a potion of haste {unknown}


   Skills:
 + Level 5.3 Fighting
 + Level 5.3 Short Blades
 + Level 5.3 Long Blades
 + Level 5.3 Axes
 + Level 5.3 Maces & Flails
 + Level 5.3 Polearms
 + Level 5.3 Staves
 + Level 5.3 Slings
 + Level 5.3 Bows
 + Level 5.3 Crossbows
 + Level 5.3 Throwing
 + Level 5.3 Armour
 + Level 7.1 Dodging
 + Level 6.9 Stealth
 + Level 5.3 Shields
 + Level 5.3 Unarmed Combat
 + Level 7.4 Spellcasting
 + Level 4.4 Conjurations
 + Level 4.4 Hexes
 + Level 4.4 Summonings
 + Level 4.4 Necromancy
 + Level 4.4 Translocations
 + Level 5.0 Transmutations
 + Level 4.4 Fire Magic
 + Level 4.4 Ice Magic
 + Level 4.4 Air Magic
 + Level 7.1 Earth Magic
 + Level 4.4 Poison Magic
 + Level 5.9 Invocations
 + Level 5.3 Evocations


You had 8 spell levels left.
You knew the following spells:

 Your Spells              Type           Power        Failure   Level
a - Sandblast             Erth           #####.       1%          1
b - Passwall              Tmut/Erth      ####....     1%          2
c - Stone Arrow           Conj/Erth      ####..       2%          3
d - Petrify               Tmut/Erth      ####....     6%          4
e - Lee's Rapid Deconstr  Erth           #####.....   12%         5

Your spell library contained the following spells:

 Spells                   Type           Power        Failure   Level
 Beastly Appendage        Tmut           ####..       1%          1
 Wereblood                Tmut           ####....     1%          2
 Spider Form              Tmut/Pois      ####......   3%          3
 Ice Form                 Ice/Tmut       ####....     11%         4
 Blade Hands              Tmut           ####......   28%         5


Dungeon Overview and Level Annotations

Branches:
Dungeon (9/15)             Temple (1/1) D:5            Lair (0/6) D:8
  Sewer (visited)         Ossuary (visited)
    Orc: D:9-12

Altars:
Dithmenos
Fedhas
Gozag
Makhleb
Nemelex Xobeh
Okawaru
Ru
Sif Muna
Trog
Uskayaw
Vehumet
Wu Jian
Xom
Yredelemnul
The Shining One

Shops:
D:7 *

Annotations:
D:3 Robin
D:5 1 runed translucent door, BruhMomento's ghost, novice MiFi
D:6 Grinder


Innate Abilities, Weirdness & Mutations

Your experience applies equally to all skills.
You have very sharp teeth.
Your uncanny sense of smell can sniff out nearby items.


Message History

Casting: Petrify (dangerous; 6% risk of failure)
Confirm with . or Enter, or press ? or * to list all spells.
Aiming: Lee's Rapid Deconstruction (dangerous; 12% risk of failure)
Press: ? - help, Dir - move target cursor, f - gargoyle Fragment what (e.g. wall or brittle monster)?: a gargoyle, wielding a +0 mace (wandering, hasn't noticed you)
The gargoyle shatters!
The gargoyle is heavily damaged.
Unknown command.
Casting: Lee's Rapid Deconstruction (dangerous; 12% risk of failure)
Confirm with . or Enter, or press ? or * to list all spells.
Aiming: Lee's Rapid Deconstruction (dangerous; 12% risk of failure)
Press: ? - help, Dir - move target cursor, f/p - gargoyle Fragment what (e.g. wall or brittle monster)?: a gargoyle, wielding a +0 mace (heavily damaged)
You miscast Lee's Rapid Deconstruction.
You are very lightly contaminated with residual magic.
Sand pours from your hands.
* * * LOW HITPOINT WARNING * * *
The gargoyle hurls a stone arrow at you.
The stone arrow hits you!!
You die...

.........# . .........# ..
.........########..
(..................
...............# #####
...............#......
##...........#+#......
#........9...........
#.....@.###..........
####....+ #........).
...#....###..........
....#...........######
######...#.....(..##+#
#....#...+............
#....#...#.............
#..<.#...#..........###.
...###''#...#....#####.###.


You could see a gargoyle.

Vanquished Creatures
  An ugly thing (D:9)
  Maggie (D:6)
  Sigmund (D:6)
  A wyvern (D:8)
  4 yaks (D:8)
  A basilisk (D:8)
  An orc warrior (D:7)
  2 black bears
  A necrophage (D:5)
  2 centaurs
  6 ogres
  3 big kobolds
  2 scorpions
  4 wights (D:8)
  5 howler monkeys
  6 hounds
  3 orc priests
  A jelly (D:2)
  2 human zombies (Ossuary)
  3 bullfrog skeletons
  9 orc wizards
  4 iguanas
  6 worker ants
  3 big kobold zombies (Ossuary)
  A hound zombie (Ossuary)
  3 hound skeletons
  4 mummies (Ossuary)
  A howler monkey zombie (D:7)
  7 gnolls
  11 adders
  8 river rats (Sewer)
  A white imp (D:5)
  2 ufetubi
  3 oozes
  An adder zombie (D:5)
  An adder skeleton (D:8)
  2 worms
  A dart slug (D:5)
  5 leopard geckos
  26 orcs
  5 giant cockroaches
  8 hobgoblins
  18 jackals
  4 quokkas
  5 ball pythons (Sewer)
  A ball python skeleton (D:4)
  10 bats
  6 frilled lizards
  A gnoll zombie (Ossuary)
  12 goblins
  A goblin zombie (Ossuary)
  A jackal skeleton (D:4)
  A jackal zombie (Ossuary)
  24 kobolds
  A leopard gecko skeleton (D:7)
  An orc zombie (Ossuary)
  28 rats
  2 rat zombies (Ossuary)
278 creatures vanquished.

Vanquished Creatures (others)
  An orc wizard (D:6)
  2 fungi (D:8)
  2 plants (D:8)
5 creatures vanquished.

Grand Total: 283 creatures vanquished

Notes
Turn   | Place    | Note
-------+----------+-------------------------------------------
     0 | D:1      | robertstho the Gnoll Earth Elementalist began the quest for
                  | the Orb.
     0 | D:1      | Reached XP level 1. HP: 13/13 MP: 6/6
   123 | D:1      | Reached XP level 2. HP: 7/19 MP: 4/7
  1197 | D:1      | Reached skill level 5 in Spellcasting
  1197 | D:1      | Reached XP level 3. HP: 25/25 MP: 7/9
  1621 | D:2      | Reached skill level 1 in Invocations
  1633 | D:2      | Reached skill level 1 in Fighting
  1633 | D:2      | Reached skill level 1 in Short Blades
  1633 | D:2      | Reached skill level 1 in Long Blades
  1633 | D:2      | Reached skill level 1 in Axes
  1633 | D:2      | Reached skill level 1 in Maces & Flails
  1633 | D:2      | Reached skill level 1 in Polearms
  1633 | D:2      | Reached skill level 1 in Staves
  1633 | D:2      | Reached skill level 1 in Slings
  1633 | D:2      | Reached skill level 1 in Bows
  1633 | D:2      | Reached skill level 1 in Crossbows
  1633 | D:2      | Reached skill level 1 in Throwing
  1633 | D:2      | Reached skill level 1 in Armour
  1633 | D:2      | Reached skill level 1 in Shields
  1633 | D:2      | Reached skill level 1 in Unarmed Combat
  1633 | D:2      | Reached skill level 1 in Evocations
  1638 | D:2      | Reached XP level 4. HP: 12/32 MP: 0/11
  1657 | D:2      | Reached skill level 1 in Conjurations
  1657 | D:2      | Reached skill level 1 in Hexes
  1657 | D:2      | Reached skill level 1 in Summonings
  1657 | D:2      | Reached skill level 1 in Necromancy
  1657 | D:2      | Reached skill level 1 in Translocations
  1657 | D:2      | Reached skill level 1 in Fire Magic
  1657 | D:2      | Reached skill level 1 in Ice Magic
  1657 | D:2      | Reached skill level 1 in Air Magic
  1657 | D:2      | Reached skill level 1 in Poison Magic
  1682 | D:2      | Learned a level 2 spell: Passwall
  1686 | D:2      | Learned a level 3 spell: Stone Arrow
  1691 | D:2      | Learned a level 4 spell: Petrify
  2290 | D:2      | Reached XP level 5. HP: 25/37 MP: 12/12
  2664 | D:3      | Noticed Robin
  3160 | D:3      | Found an ornate altar of the Wu Jian Council.
  3947 | D:4      | Noticed an ogre
  3953 | D:4      | Killed an ogre
  3953 | D:4      | Reached skill level 5 in Dodging
  3953 | D:4      | Reached XP level 6. HP: 44/44 MP: 10/14
  4216 | D:4      | Found a burning altar of Makhleb.
  4224 | D:4      | Reached XP level 7. HP: 50/50 MP: 12/15
  4398 | D:4      | Found a sand-covered staircase.
  4428 | Ossuary  | Entered an ossuary
  4931 | D:4      | Reached skill level 5 in Stealth
  5634 | D:5      | Entered Level 5 of the Dungeon
  5654 | D:5      | Found a runed translucent door.
  5656 | D:5      | Noticed BruhMomento's ghost (novice MiFi)
  5734 | D:5      | Reached XP level 8. HP: 49/57 MP: 16/16
  6076 | D:5      | Found a glowing drain.
  6080 | Sewer    | Entered a sewer
  7066 | D:5      | Found a staircase to the Ecumenical Temple.
  7287 | Temple   | Entered the Ecumenical Temple
  7477 | Temple   | Became a worshipper of Sif Muna the Loreminder
  8236 | D:5      | Learned a level 5 spell: Lee's Rapid Deconstruction
  8396 | D:6      | Noticed Maggie
  8406 | D:6      | Killed Maggie
  8406 | D:6      | Reached XP level 9. HP: 65/65 MP: 1/18
  8621 | D:6      | Noticed Grinder
  8626 | D:6      | Noticed Sigmund
  8645 | D:6      | Killed Sigmund
  8977 | D:7      | Found Qaineo's General Store.
  9414 | D:7      | Reached * piety under Sif Muna
  9589 | D:7      | Found an opulent altar of Gozag.
  9870 | D:8      | Reached skill level 5 in Invocations
  9980 | D:8      | HP: 2/66 [yak (10)]
  9981 | D:8      | Reached XP level 10. HP: 2/73 MP: 4/20
 10142 | D:8      | Found a staircase to the Lair.
 10145 | D:8      | Reached ** piety under Sif Muna
 10201 | D:8      | Reached skill level 5 in Fighting
 10201 | D:8      | Reached skill level 5 in Short Blades
 10201 | D:8      | Reached skill level 5 in Long Blades
 10201 | D:8      | Reached skill level 5 in Axes
 10201 | D:8      | Reached skill level 5 in Maces & Flails
 10201 | D:8      | Reached skill level 5 in Polearms
 10201 | D:8      | Reached skill level 5 in Staves
 10201 | D:8      | Reached skill level 5 in Slings
 10201 | D:8      | Reached skill level 5 in Bows
 10201 | D:8      | Reached skill level 5 in Crossbows
 10201 | D:8      | Reached skill level 5 in Throwing
 10201 | D:8      | Reached skill level 5 in Armour
 10201 | D:8      | Reached skill level 5 in Shields
 10201 | D:8      | Reached skill level 5 in Unarmed Combat
 10201 | D:8      | Reached skill level 5 in Evocations
 10677 | D:8      | Found a shimmering altar of Xom.
 11262 | D:9      | Noticed a white ugly thing
 11289 | D:9      | Killed a green ugly thing
 11289 | D:9      | Reached skill level 5 in Transmutations
 11368 | D:9      | Noticed a gargoyle
 11370 | D:9      | Killed from afar by a gargoyle

Illustrated notes

Levels and vault maps discovered:
D:1:      dpeg_arrival_signposts, layout_loops_ring
D:2:      layout_loops_cross, minmay_heptomino_h4
D:3:      layout_basic, overflow_temple_1_default,
          minmay_misc_feat_four_crosses, uniq_robin
D:4:      layout_layer_cave, nicolae_overflow_hidden_temple, enter_ossuary_5
D:5:      layout_basic, temple_fountains, ebering_ghost_reflecting_pool,
          gup_sewer_entry_bowl
D:6:      layout_basic, serial_park_tiny_1, uniq_sigmund, uniq_grinder,
          uniq_maggie
D:7:      layout_cave_pools, grunt_gozag_breadcrumbs, serial_shops,
          nicolae_shop_crystal, minmay_circle_x
D:8:      layout_cave_pools, overflow_temple_1_default, david_lair_generic
D:9:      layout_irregular_city, cheibrodos_ashenzari_chains,
          kennysheep_mini_moat
Temple:   regret_index_temple_generic_petals

Skill      XL: |  1  2  3  4  5  6  7  8  9 10 |
---------------+-------------------------------+-----
Transmutations | 2 3 4 5 |  5.0
Spellcasting   | 5 6 7 |  7.4
Invocations    | 1 2 3 4 5 |  5.9
Fighting       | 1 2 3 4 5 |  5.3
Short Blades   | 1 2 3 4 5 |  5.3
Long Blades    | 1 2 3 4 5 |  5.3
Axes           | 1 2 3 4 5 |  5.3
Maces & Flails | 1 2 3 4 5 |  5.3
Polearms       | 1 2 3 4 5 |  5.3
Staves         | 1 2 3 4 5 |  5.3
Slings         | 1 2 3 4 5 |  5.3
Bows           | 1 2 3 4 5 |  5.3
Crossbows      | 1 2 3 4 5 |  5.3
Throwing       | 1 2 3 4 5 |  5.3
Armour         | 1 2 3 4 5 |  5.3
Shields        | 1 2 3 4 5 |  5.3
Unarmed Combat | 1 2 3 4 5 |  5.3
Evocations     | 1 2 3 4 5 |  5.3
Conjurations   | 1 2 3 4 |  4.4
Hexes          | 1 2 3 4 |  4.4
Summonings     | 1 2 3 4 |  4.4
Necromancy     | 1 2 3 4 |  4.4
Translocations | 1 2 3 4 |  4.4
Fire Magic     | 1 2 3 4 |  4.4
Ice Magic      | 1 2 3 4 |  4.4
Air Magic      | 1 2 3 4 |  4.4
Poison Magic   | 1 2 3 4 |  4.4
Dodging        | 5 6 7 |  7.1
Stealth        | 5 6 |  6.9
Earth Magic    | 6 7 |  7.1

Action                   |  1- 3 |  4- 6 |  7- 9 | 10-12 || total
-------------------------+-------+-------+-------+-------++-------
Melee: Unarmed           |    20 |       |       |       ||    20
       Bite              |     9 |     6 |    16 |     1 ||    32
       Dagger            |    66 |    38 |    47 |     7 ||   158
       Punch             |       |     1 |     1 |       ||     2
       Scythe            |       |       |    52 |       ||    52
       Long sword        |       |       |    31 |       ||    31
 Cast: Sandblast         |    18 |    77 |    63 |    16 ||   174
       Stone Arrow       |       |    14 |   154 |    51 ||   219
       Lee's Rapid Decon |       |       |    11 |    10 ||    21
       Petrify           |       |       |     4 |     3 ||     7
Evoke: Wand              |       |       |       |     4 ||     4
  Use: Potion            |       |     3 |     2 |       ||     5
       Scroll            |       |    12 |     3 |       ||    15
 Stab: Sleeping          |    12 |     1 |     8 |       ||    21
       Petrifying        |       |       |     1 |       ||     1
Armor: Robe              |    12 |    20 |    46 |     1 ||    79
Dodge: Dodged            |    58 |   104 |   199 |    34 ||   395
       Rpst.: Long sword |       |       |    11 |       ||    11

Table legend: (Time is in decaauts)
 A = Elapsed time spent in this place.
 B = Non-inter-level travel time spent in this place.
 C = Inter-level travel time spent in this place.
 D = Time resting spent in this place.
 E = Time spent auto-exploring this place.
 F = Levels seen in this place.
 G = Mean time per level.
                   A        B        C        D        E       F      G
               +--------+--------+--------+--------+--------+-----+--------+
         Total |  11430 |  11052 |    378 |   1154 |   7970 |  12 |  952.5 |
       Dungeon |  10039 |   9703 |    336 |   1154 |   7014 |   9 | 1115.4 |
        Temple |    231 |    190 |     41 |      0 |    182 |   1 |  231.0 |
         Sewer |    895 |    895 |      0 |      0 |    630 |   1 |  895.0 |
       Ossuary |    263 |    263 |      0 |      0 |    143 |   1 |  263.0 |
               +--------+--------+--------+--------+--------+-----+--------+

Top non-repeatable levels by time:
     D:5: 1601 daAuts
     D:2: 1578 daAuts
     D:1: 1429 daAuts
     D:8: 1402 daAuts
     D:4: 1396 daAuts
     D:7: 1164 daAuts
     D:3: 959 daAuts
   Sewer: 895 daAuts
     D:6: 355 daAuts
 Ossuary: 263 daAuts
  Temple: 231 daAuts
     D:9: 150 daAuts
